 Dungeon Crawl Stone Soup version bcrawl-1.31.2 (webtiles) character file.

Game seed: 7755783675761446979

72727 Artagas the Sneak (level 1, -2/18 HPs)
             Began as a Hill Orc Rogue on Apr 1, 2021.
             Slain by a goblin
             ... wielding a +0 club
              (5 damage)
             ... on level 1 of the Dungeon.
             The game lasted 00:00:51 (130 turns).

Artagas the Sneak (Hill Orc Rogue)                   Turns: 130, Time: 00:00:51

Health: -2/18      AC:  3    Str: 13    XL:     1   Next: 60%
Magic:  2/2        EV: 11    Int: 11    God:
Gold:   0          SH:  0    Dex: 12    Spells: 0/0 levels left

rFire    . . .     SeeInvis .   a - +2 dagger
rCold    . . .     Gourm    .   (no shield)
rNeg     . . .     Faith    .   c - +0 robe
rPois    .         Spirit   .   (no helmet)
rElec    .         Reflect  .   d - +0 cloak
rCorr    .         Harm     .   (no gloves)
MR       .....                  (no boots)
Stlth    ++........             (no amulet)
HPRegen  0.06/turn              (no ring)
MPRegen  0.08/turn              (no ring)

@: no status effects
A: no striking features
a: no special abilities


You were on level 1 of the Dungeon.
You were not hungry.

You visited 1 branch of the dungeon, and saw 1 of its levels.

Inventory:

Hand Weapons
 a - a +2 dagger (weapon)
 b - a +0 blowgun
Missiles
 h - 80 poisoned needles
Armour
 c - a +0 robe (worn)
 d - a +0 cloak (worn)
Wands
 f - a wand of flame (15)
 g - a wand of enslavement (10)
Scrolls
 j - 3 scrolls of teleportation {unknown}
 r - 3 scrolls of identify
Comestibles
 e - a ration {!d}
 i - a chunk of flesh


   Skills:
 + Level 2.7 Fighting
   Level 2.7 Short Blades
   Level 2.7 Long Blades
   Level 2.7 Axes
   Level 2.7 Maces & Flails
   Level 2.7 Polearms
   Level 2.7 Staves
 - Level 3.6 Stealth
   Level 2.7 Unarmed Combat
 - Level 2.0 Evocations


You couldn't memorise any spells.
You didn't know any spells.
Your spell library was empty.

Dungeon Overview and Level Annotations

Branches:
Dungeon (1/12)

Altars:


Message History

Welcome, Artagas the Hill Orc Rogue.
It is said that the Orb of Zot exists deep within this dungeon.
Press m to set your skill training.
Press ? for a list of commands and other information.
Found a staircase leading out of the dungeon.
Unknown command.
A rat comes into view.
A rat is nearby!
A rat is nearby!
You hit the rat.
You kill the rat!
No target in view!
No target in view!
No target in view!
A leopard gecko comes into view.
You see here a rat corpse.
A leopard gecko is nearby!
A leopard gecko is nearby!
The helpless leopard gecko fails to defend itself.
You impale the leopard gecko!!
You kill the leopard gecko!
No target in view!
No target in view!
You butcher the rat corpse.
i - a chunk of flesh You see here a rat skeleton. x2
You see here a mace.
j - 3 scrolls labeled COAXECKUNO
r - a scroll of identify No target in view!
You see here 221 sling bullets.
r - 3 scrolls of identify (gained 2)
A goblin and a kobold come into view.
The goblin shouts!
The kobold shouts!
You hear a shout!
A hobgoblin comes into view.
A giant cockroach comes into view.
The kobold barely misses you. The goblin closely misses you.
There are monsters nearby!
You hit the kobold.
The kobold is severely wounded.
The kobold hits you.
You hit the kobold.
You kill the kobold!
The goblin hits you but does no damage.
You barely miss the hobgoblin. The hobgoblin misses you.
The goblin barely misses you.
You closely miss the hobgoblin. The giant cockroach bites you.
The hobgoblin hits you. The goblin hits you but does no damage.
You barely miss the hobgoblin.
The giant cockroach bites you but does no damage.
The hobgoblin hits you but does no damage.
The goblin hits you with a +0 club.
You are too injured to fight recklessly!
The hobgoblin barely misses you. The giant cockroach barely misses you.
The hobgoblin misses you. The goblin hits you with a +0 club.
* * * LOW HITPOINT WARNING * * *
Press: ? - help, v - describe, . - travel
Here: a giant cockroach (clinging) Evoke which item? (* to show all) (? for menu, Esc to quit)
Aiming: Enslavement
Press: ? - help, Shift-Dir - straight line, f - giant cockroach
Aim: a giant cockroach (clinging, chance to defeat MR: 69%)
The giant cockroach struggles to resist.
The giant cockroach bites you but does no damage.
The goblin barely misses you.
You aren't carrying any potions.
The giant cockroach barely misses you.
Evoke which item? (* to show all) (? for menu, Esc to quit)
Aiming: Enslavement
Press: ? - help, Shift-Dir - straight line, f/p - giant cockroach
Aim: a giant cockroach (clinging, chance to defeat MR: 69%)
The giant cockroach struggles to resist.
The giant cockroach barely misses you. The goblin barely misses you.
Evoke which item? (* to show all) (? for menu, Esc to quit)
Aiming: Enslavement
Press: ? - help, Shift-Dir - straight line, f/p - giant cockroach
Aim: a giant cockroach (clinging, chance to defeat MR: 69%)
The giant cockroach struggles to resist.
The giant cockroach bites you but does no damage.
Evoke which item? (* to show all) (? for menu, Esc to quit)
Aiming: Enslavement
Press: ? - help, Shift-Dir - straight line, f/p - giant cockroach
Aim: a giant cockroach (clinging, chance to defeat MR: 69%)
The giant cockroach struggles to resist.
The giant cockroach barely misses you.
Evoke which item? (* to show all) (? for menu, Esc to quit)
Aiming: Enslavement
Press: ? - help, Shift-Dir - straight line, f/p - giant cockroach
Aim: a giant cockroach (clinging, chance to defeat MR: 69%)
The giant cockroach is charmed.
Your giant cockroach closely misses the hobgoblin.
The hobgoblin hits your giant cockroach but does no damage.
The goblin hits you with a +0 club.
You die...

###############♣♣♣♣♣
#........†..........
#..gsg....?...♣....♣
#..@###....⌠...♣.♣.♣
#..## ##............
#.. #........♣♣..
#.. #...#+##...♣..
#.. ....## ##....♣
... ⌠...# #.....
.#.. ....# #.....
.#.. #....♣♣ ......
♣


You could see a hobgoblin, a goblin and a friendly giant cockroach.

Vanquished Creatures
  A leopard gecko (D:1)
  A kobold (D:1)
  A rat (D:1)
3 creatures vanquished.

Notes
Turn   | Place    | Note
-------+----------+-------------------------------------------
     0 | D:1      | Artagas the Hill Orc Rogue began the quest for the Orb.
     0 | D:1      | Reached XP level 1. HP: 18/18 MP: 2/2
   130 | D:1      | Slain by a goblin

Action                   || total
-------------------------++-------
Melee: Dagger            ||     7
Evoke: Wand              ||     5
 Stab: Sleeping          ||     1
Armor: Robe              ||     4
Dodge: Dodged            ||    12

Levels and vault maps discovered:
D:1:      erik_arrival_cave_to_civilisation [erik_arrival_cave_to_hall],
          layout_basic

Table legend:
 A = Turns spent in this place as a percentage of turns spent in the entire game.
 B = Non-inter-level travel turns spent in this place as a percentage of non-inter-level travel turns spent in the entire game.
 C = Inter-level travel turns spent in this place as a percentage of turns spent in this place.
 D = Turns resting spent in this place as a percentage of non-inter-level travel turns spent in this place.
 E = Turns spent auto-exploring this place as a percentage of non-inter-level travel turns spent in this place.
 F = Non-inter-level travel turns spent in this place divided by the number of levels of this place that you've seen.
                   A       B       C       D       E      F
               +-------+-------+-------+-------+-------+----------------------
         Total | 100.0 | 100.0 |   0.0 |   0.0 |  73.8 | 130.0
       Dungeon | 100.0 | 100.0 |   0.0 |   0.0 |  73.8 | 130.0
               +-------+-------+-------+-------+-------+----------------------

Table legend:
 A = Kills in this place as a percentage of kills in entire the game.
 B = Kills by you in this place as a percentage of kills by you in the entire game.
 C = Kills by friends in this place as a percentage of kills by friends in the entire game.
 D = Other kills in this place as a percentage of other kills in the entire game.
 E = Experience gained in this place as a percentage of experience gained in the entire game.
 F = Experience gained in this place divided by the number of levels of this place that you have seen.
                   A       B       C       D       E      F
               +-------+-------+-------+-------+-------+----------------------
         Total | 100.0 | 100.0 |   N/A |   N/A | 100.0 |   6.0
       Dungeon | 100.0 | 100.0 |   N/A |   N/A | 100.0 |   6.0
               +-------+-------+-------+-------+-------+----------------------
